 Dungeon Crawl Stone Soup version 0.31-a0-232-gb1c03b2570 (webtiles) character file.

Game seed: 2109167369375603404

96 qw the Shooter (level 4, -2/26 HPs)
             Began as a Gargoyle Hexslinger on July 7, 2023.
             Slain by a goblin
             ... wielding a +0 dagger
             ... led by Robin
              (5 damage)
             ... on level 2 of the Dungeon.
             The game lasted 00:00:30 (1052 turns).

qw the Shooter (Gargoyle Hexslinger)                Turns: 1052, Time: 00:00:31

Health: -2/26      AC:  8    Str: 12    XL:     4   Next: 67%
Magic:  5/5        EV: 10    Int: 13    God:
Gold:   48         SH:  0    Dex: 14    Spells: 4/5 levels left

rFire   . . .        Y - +1 sling
rCold   . . .        (no shield)
rNeg    + . .        d - +0 ring mail
rPois   inf          (no helmet)
rElec   +            (no cloak)
rCorr   .            (no gloves)
SInv    .            (no boots)
Will    .....        (no amulet)
Stlth   +            (no ring)
HPRegen 0.24/turn    (no ring)
MPRegen 0.09/turn

%: no passive effects
@: no status effects
A: sickness immunity, AC +3, negative energy resistance 1, electricity
resistance, torment resistance 1, petrification resistance
a: no special abilities


You were on level 2 of the Dungeon.
You visited 1 branch of the dungeon, and saw 2 of its levels.

You collected 48 gold pieces.


Innate Abilities, Weirdness & Mutations

You are immune to sickness and miasma.
Your stone body is resilient. (AC +3)
You are immune to poison.
You resist negative energy. (rN+)
You are resistant to electric shocks. (rElec)
You are resistant to unholy torment.
You are immune to petrification.


   Skills:
 - Level 2.0 Fighting
 + Level 4.0 Ranged Weapons
 - Level 1.6 Armour
 - Level 1.5 Dodging
 - Level 1.0 Spellcasting
 - Level 2.6 Hexes


You had 4 spell levels left.
You knew the following spells:

 Your Spells              Type           Power      Damage    Failure   Level
a - Slow                  Hex            28%        N/A       21%         1

Your spell library contained the following spells:

 Spells                   Type           Power      Damage    Failure   Level
 Inner Flame              Hex/Fire       4%         N/A       71%         3
 Portal Projectile        Hex/Tloc       8%         N/A       71%         3
 Cause Fear               Hex            3%         N/A       90%         4

Inventory:

Hand Weapons
 Y - a +1 sling (weapon)
Armour
 d - a +0 ring mail (worn)
 l - a +0 pair of gloves
Jewellery
 f - a ring of wizardry
Scrolls
 a - a scroll of vulnerability {unknown}
 c - a scroll of enchant weapon {unknown}
 i - a scroll of noise {unknown}
 m - a scroll of torment {unknown}
Potions
 b - a potion of attraction {unknown}
 e - a potion of haste {unknown}
 g - 3 potions of mutation {unknown}
 h - 2 potions of heal wounds {unknown}
 j - 2 potions of curing {unknown}
 k - a potion of lignification {unknown}

Dungeon Overview and Level Annotations

Branches:
Dungeon (2/15)

Altars:
Fedhas

Annotations:
D:2 Robin


Message History

The goblin moves out of view.
You shoot a sling bullet. The sling bullet hits the goblin.
The goblin is moderately wounded.
A hobgoblin comes into view.
The goblin hits you but does no damage.
You shoot a sling bullet.
The sling bullet closely misses the goblin.
The sling bullet barely misses the hobgoblin.
The sling bullet barely misses Robin.
The sling bullet barely misses the goblin.
The sling bullet hits the hobgoblin.
You kill the hobgoblin!
Robin throws the goblin at you!
The goblin hits you but does no damage. x2
A goblin comes into view. It is wielding a +0 club.
You shoot a sling bullet.
The sling bullet closely misses the goblin.
The sling bullet barely misses the hobgoblin.
The sling bullet closely misses Robin.
The goblin shouts!
A hobgoblin comes into view.
The goblin hits you but does no damage. The goblin barely misses you.
Robin throws the goblin at you! The goblin closely misses you.
You shoot a sling bullet. The sling bullet hits the goblin.
The goblin is almost dead.
Robin throws the goblin at you! The goblin hits you with a +0 club.
The hobgoblin hits you but does no damage.
The goblin hits you with a +0 dagger. The goblin closely misses you.
The goblin hits you but does no damage. The goblin closely misses you.
The goblin hits you but does no damage.
You shoot a sling bullet.
The sling bullet closely misses the goblin.
The goblin barely misses you. The hobgoblin hits you.
The goblin hits you but does no damage. The goblin barely misses you.
The goblin hits you but does no damage. The goblin closely misses you.
The goblin hits you with a +0 dagger.
You shoot a sling bullet.
The sling bullet closely misses the goblin.
The hobgoblin hits you.
The goblin hits you but does no damage. x2
The goblin hits you with a +0 club. The goblin hits you with a +0 dagger.
You die...

..###'########..........#.###.#.#
..# #.# #...%..._........#.# ..#
#.########.....)....#####.#.#
#####.........................#.#
.................?..............#
#############################.###
...... ........................
...... ......ggg###########.#..
.....# ......g@g# #.#.. ####.#
#####.#gg# #.### # ...#g.# #....
### #gg# ##### ..g# # #... # ....
# ..... # .


You could see Robin, 4 hobgoblins and 6 goblins.

Vanquished Creatures
  Jessica (D:2)
  3 gnolls (D:2)
  A dart slug (D:2)
  5 ball pythons (D:1)
  6 bats
  3 endoplasms
  A giant cockroach (D:1)
  2 goblins
  3 hobgoblins
  3 jackals (D:1)
  6 kobolds
  2 quokkas (D:1)
  A frilled lizard (D:2)
  4 rats (D:1)
41 creatures vanquished.

Notes
Turn   | Place    | Note
-------+----------+-------------------------------------------
     0 | D:1      | qw the Gargoyle Hexslinger began the quest for the Orb.
     0 | D:1      | Reached XP level 1. HP: 12/12 MP: 2/2
     0 | D:1      | 0 ||| qw: Version: 0.3-a-46-gb1f654a
     0 | D:1      | 0 ||| qw: Game counter: 2572
     0 | D:1      | 0 ||| qw: Melee chars always use a shield: true
     0 | D:1      | 0 ||| qw: God list: Okawaru
     0 | D:1      | 0 ||| qw: Allow faded altars: false
     0 | D:1      | 0 ||| qw: Do Orc after clearing Dungeon:15 true
     0 | D:1      | 0 ||| qw: Do second Lair branch before Depths: true
     0 | D:1      | 0 ||| qw: Lair rune preference: random
     0 | D:1      | 0 ||| qw: Goals: Normal
     0 | D:1      | 0 ||| PLANNING D:1-11
   117 | D:1      | Reached XP level 2. HP: 16/16 MP: 3/3
   214 | D:1      | Reached skill level 3 in Ranged Weapons
   465 | D:1      | Reached XP level 3. HP: 20/21 MP: 4/4
   575 | D:1      | 575 ||| UPGRADING to +0 ring mail.
   585 | D:1      | 585 ||| DROPPING +0 robe.
   586 | D:1      | 586 ||| READING scroll labelled HOPLAYZ HOIPI.
   587 | D:1      | 587 ||| READING scroll labelled NOFFOV AB YLO.
   588 | D:1      | 588 ||| DROPPING scroll of poison.
   707 | D:2      | Reached XP level 4. HP: 26/26 MP: 5/5
   757 | D:2      | Reached skill level 4 in Ranged Weapons
   775 | D:2      | Found a blossoming altar of Fedhas.
   801 | D:2      | Noticed Jessica
   809 | D:2      | Killed Jessica
   810 | D:2      | Reached skill level 1 in Armour
  1045 | D:2      | Noticed Robin
  1052 | D:2      | HP: 6/26 [hobgoblin[Robin] (2)]
  1052 | D:2      | Slain by a goblin

Levels and vault maps discovered:
D:1:      matt_arrival_los_fun, layout_basic
D:2:      layout_basic, basic_altar, uniq_robin, uniq_jessica

Skill      XL: |  1  2  3  4 |
---------------+-------------+-----
Ranged Weapons | 3 4 |  4.0
Fighting       | 2 |  2.0
Armour         | 1 |  1.6
Dodging        | |  1.5
Spellcasting   | |  1.0
Hexes          | |  2.6

Action                     |  1- 3 |  4- 6 || total
---------------------------+-------+-------++-------
   Fire: Sling             |    94 |    33 ||   127
    Use: Scroll            |     2 |       ||     2
 Armour: Robe              |    13 |       ||    13
         Ring mail         |     4 |    17 ||    21
  Dodge: Dodged            |    30 |    18 ||    48

Table legend:
 A = Non-vault XP
 B = Vault XP
 C = Vault XP percentage of total XP
 D = Non-vault monster count
 E = Vault monster count
 F = Vault count percentage of total count
                 A         B        C        D         E       F
            +---------+---------+-------+---------+---------+-------
      Total |      99 |      39 |  28.3 |      39 |       2 |   4.9
            +---------+---------+-------+---------+---------+-------
        D:1 |      46 |       0 |   0.0 |      29 |       0 |   0.0
        D:2 |      53 |      39 |  42.4 |      10 |       2 |  16.7
            +---------+---------+-------+---------+---------+-------
